 Dungeon Crawl Stone Soup version 0.29-a0-221-gceb61267dd (webtiles) character file.

Game seed: 15908203646433870519

51 cyrus the Shield-Bearer (level 3, 0/20 HPs)
             Began as a Vine Stalker Fighter on Feb 26, 2022.
             Succumbed to a kobold's poison
             ... on level 2 of the Dungeon.
             The game lasted 00:01:53 (702 turns).

cyrus the Shield-Bearer (Vine Stalker Fighter)       Turns: 702, Time: 00:01:53

Health: 0/20       AC: 10    Str: 18    XL:     3   Next: 83%
Magic:  1/4        EV:  9    Int: 10    God:
Gold:   32         SH:  4    Dex: 13    Spells: 2/2 levels left

rFire   . . .      SeeInvis .   a - +0 war axe
rCold   . . .      Faith    .   c - +0 buckler
rNeg    . . .      Spirit   +   b - +0 scale mail
rPois   .          Reflect  .   (no helmet)
rElec   .          Harm     .   j - scarf {repulsion}
rCorr   .          Rampage  .   (no gloves)
Will    .....                   (no boots)
Stlth   ..........              (no amulet)
HPRegen 0.06/turn               e - +4 ring of protection
MPRegen 0.09/turn               (no ring)

@: mighty, lethally poisoned (0 -> -3), repel missiles
A: fangs 2, magic shield, antimagic bite, no potion heal 2
a: no special abilities


You were on level 2 of the Dungeon.
You visited 1 branch of the dungeon, and saw 2 of its levels.

You collected 32 gold pieces.

Inventory:

Hand Weapons
 a - a +0 war axe (weapon)
Armour
 b - a +0 scale mail (worn)
 c - a +0 buckler (worn)
 j - a scarf of repulsion (worn)
 m - an orb of light
Jewellery
 e - a +4 ring of protection (left hand)
 k - a ring of poison resistance
Scrolls
 f - a scroll of amnesia {unknown}
 i - a scroll of holy word {unknown}
 o - a scroll of fear {unknown}
 p - 2 scrolls of blinking {unknown}
 r - 2 scrolls of identify {unknown}
Potions
 g - a potion of flight {unknown}
 h - 2 potions of lignification {unknown}
 l - a potion of heal wounds {unknown}
 n - a potion of cancellation {unknown}
 q - a potion of invisibility {unknown}


   Skills:
 + Level 3.0 Fighting
 + Level 2.5 Axes
 + Level 2.8 Armour
 + Level 0.1 Dodging
 + Level 3.0 Shields


You had 2 spell levels left.
You didn't know any spells.
Your spell library was empty.

Dungeon Overview and Level Annotations

Branches:
Dungeon (2/15)

Altars:


Innate Abilities, Weirdness & Mutations

You have extremely sharp teeth.
When hurt, damage is shared between your health and your magic reserves.
Your bite disrupts and absorbs the magic of your enemies.
Potions cannot restore your health.


Message History

You hit the giant cockroach.
You kill the giant cockroach!
You feel very sick. The kobold barely misses you.
You hit the kobold but do no damage. Your bite misses the kobold.
The kobold is moderately wounded.
You feel sick. You block the kobold's attack.
The rat bites you but does no damage. The kobold closely misses you.
Unknown command.
You feel sick.
You feel sick. The rat barely misses you.
You feel sick.
The kobold throws a stone.
The stone closely misses you.
You feel sick.
You are no longer poisoned.
You see here 23 stones.
You barely miss the rat. The rat bites you but does no damage.
A worm comes into view.
You feel very mighty all of a sudden. The rat barely misses you.
You closely miss the rat. You bite the rat.
You kill the rat!
You closely miss the kobold. The kobold barely misses you.
You block the kobold's attack.
You barely miss the kobold.
The kobold is moderately wounded.
The kobold completely misses you. The kobold hits you but does no damage.
You are poisoned.
You hit the kobold.
You kill the kobold!
You hit the worm but do no damage.
You feel very sick.
You feel sick. The worm bites you!
* * * LOW HITPOINT WARNING * * *
Things that are here:
a +1 short sword of venom; 5 stones
* * * LOW HITPOINT WARNING * * *
You feel sick.
* * * LOW HITPOINT WARNING * * *
You feel sick.
You die...

#### ##########..
.....:...#.# .........#.#
...........######.####
....>......(..........
.......†.####w###########
...............@.........
.........######.#########
.........# #)# .(.......#
#.#### .........#
###....# .........#
#..<##.# ........# #####
.# #


You could see a worm.

Vanquished Creatures
  Jessica (D:2)
  A bat (D:2)
  2 endoplasms (D:1)
  3 giant cockroaches
  3 goblins (D:1)
  2 hobgoblins (D:1)
  3 quokkas (D:1)
  A ball python (D:1)
  2 frilled lizards (D:1)
  2 kobolds
  4 rats
24 creatures vanquished.

Notes
Turn   | Place    | Note
-------+----------+-------------------------------------------
     0 | D:1      | cyrus the Vine Stalker Fighter began the quest for the Orb.
     0 | D:1      | Reached XP level 1. HP: 11/11 MP: 2/2
   119 | D:1      | Reached XP level 2. HP: 16/16 MP: 3/3
   660 | D:2      | Noticed Jessica
   663 | D:2      | Killed Jessica
   664 | D:2      | Reached XP level 3. HP: 20/20 MP: 4/4
   701 | D:2      | HP: 1/20 [poisoned by a kobold]
   702 | D:2      | Succumbed to a kobold's poison

Illustrated notes

Levels and vault maps discovered:
D:1:      giann_horns, layout_rooms, st_stairs_3
D:2:      layout_basic, ebering_ecumenical_altar_hall, uniq_jessica

Skill      XL: |  1  2 |
---------------+-------+-----
Axes           | 2 |  2.5
Fighting       | 3 |  3.0
Shields        | 3 |  3.0
Armour         | |  2.8
Dodging        | |  0.1

Action                   || total
-------------------------++-------
Melee: War axe           ||    53
       Bite              ||    10
  Use: Potion            ||     1
Armor: Scale mail        ||    38
Dodge: Dodged            ||    35
Block: Buckler           ||    12

Table legend: (Time is in decaauts)
 A = Elapsed time spent in this place.
 B = Non-inter-level travel time spent in this place.
 C = Inter-level travel time spent in this place.
 D = Time resting spent in this place.
 E = Time spent auto-exploring this place.
 F = Levels seen in this place.
 G = Mean time per level.
                   A        B        C        D        E       F      G
               +--------+--------+--------+--------+--------+-----+--------+
         Total |    724 |    652 |     72 |      0 |    389 |   2 |  362.0 |
       Dungeon |    724 |    652 |     72 |      0 |    389 |   2 |  362.0 |
               +--------+--------+--------+--------+--------+-----+--------+

Top non-repeatable levels by time:
     D:1: 678 daAuts
     D:2: 45 daAuts
